Map: Rovine di Seras

Players

Pri

  • Race: Zerg Zerg
  • League: Diamond

Mørtebianca

  • Race: Zerg Zerg
  • League: Diamond

Wickerchimp

  • Race: Zerg Zerg
  • League: Bronze

Jhyrachy

  • Race: Zerg Zerg
  • League: Bronze

VOD

Have the link to the VOD?

Description

Time

  • Played on: Dec. 2, 2015, 5:35 p.m.
  • Length: 12:17
Show
View Real Time Build Order
Export as new Build Order

Pri Zerg 

Build Orders: Hatch First 

Get SALT Encoding   

  12  0:01  Drone  
  13  0:12  Overlord  
  13  0:18  Drone  
  14  0:31  Drone  
  14  0:32  Drone  
  16  0:37  Drone  
  17  0:46  Drone  
  18  1:01  Hatchery  
  18  1:02  Drone  
  18  1:06  Extractor  
  17  1:21  Spawning Pool  
  17  1:22  Drone  
  17  1:30  Drone  
  17  1:31  Drone  
  19  1:39  Overlord  
  19  1:53  Drone  
  20  2:01  Drone  
  21  2:10  Queen  
  21  2:15  Zergling x4  
  25  2:18  Metabolic Boost  
  25  2:24  Drone  
  25  2:27  Drone, Baneling Nest  
  26  2:38  Queen  
  26  2:43  Drone  
  29  2:47  Zergling x2  
  29  2:50  Zergling x2  
  31  2:54  Zergling x2  
  31  2:55  Zergling x2  
  32  3:02  Zergling x2  
  32  3:09  Zergling x2  
  32  3:10  Zergling x2  
  32  3:21  Zergling x4  
  32  3:26  Zergling x2  
  31  3:49  Zergling x6  
  31  3:50  Zergling x4  
  31  3:54  Overlord  
  36  4:05  Baneling x4  
  36  4:12  Queen  
  36  4:15  Drone x2  
  36  4:16  Overlord  
  40  4:18  Zergling x4  
  42  4:28  Drone x2  
  44  4:32  Overlord  
  44  4:41  Drone  
  44  4:42  Drone x4  
  49  4:48  Extractor, Lair  
  49  4:52  Drone  
  49  4:55  Drone x2  
  49  4:56  Drone  
  49  4:58  Zergling x2  
  53  5:03  Zergling x2  
  54  5:10  Overlord  
  54  5:17  Zergling x4  
  56  5:23  Drone  
  56  5:24  Drone, Overlord  
  56  5:25  Drone  
  56  5:26  Extractor, Zergling x2  
  56  5:27  Extractor, Zergling x2  
  59  5:32  Drone, Overlord  
  42  5:50  Zergling x2  
  42  5:51  Zergling x6  
  46  5:59  Drone x3  
  49  6:06  Drone x4  
  53  6:12  Spire  
  52  6:19  Zergling x4  
  54  6:26  Baneling  
  54  6:27  Baneling x3  
  54  6:28  Zergling x4  
  55  6:38  Zergling x2  
  55  6:39  Zergling x6, Queen  
  55  6:48  Overlord  
  55  6:49  Zergling x8  
  57  7:06  Hatchery  
  55  7:14  Baneling x4  
  54  7:15  Baneling  
  54  7:23  Mutalisk x8  
  54  7:27  Drone  
  71  7:31  Mutalisk  
  71  7:34  Drone  
  74  7:40  Drone  
  74  7:41  Drone  
  68  8:07  Mutalisk x4  
  68  8:09  Drone, Zergling x2  
  77  8:23  Drone, Zerg Flyer Weapons Level 1  
  77  8:24  Drone x3, Queen  
  77  8:26  Overlord  
  83  8:35  Spine Crawler  
  83  8:36  Drone, Spine Crawler  
  83  8:37  Drone x2, Spine Crawler  
  83  8:41  Spine Crawler  
  82  8:53  Drone  
  82  8:54  Drone x8  
  91  9:02  Drone x2, Roach Warren, Evolution Chamber  
  91  9:03  Drone  
  91  9:04  Evolution Chamber  
  89  9:29  Zerg Missile Weapons Level 1  
  89  9:30  Zerg Ground Armor Level 1  
  89  9:34  Drone  
  89  9:35  Drone x4  
  89  9:38  Extractor x2  
  92  9:53  Hatchery  
  92  9:54  Glial Reconstitution  
  91  10:00  Hydralisk Den  
  91  10:01  Infestation Pit  
  91  10:05  Drone  
  91  10:06  Drone x3  
  93  10:12  Overlord  
  93  10:13  Roach x5  
  93  10:14  Roach  
  105  10:15  Overlord x2  
  105  10:16  Overlord x2  
  105  10:20  Overlord  
  105  10:23  Baneling x2  
  105  10:25  Overlord  
  105  10:34  Roach x4  
  113  10:38  Roach x4  
  121  10:46  Zergling x4  
  121  10:48  Centrifical Hooks  
  123  10:50  Zergling x8  
  108  11:02  Baneling  
  104  11:08  Roach x4  
  83  11:19  Zergling x10  
  83  11:23  Zergling x2  
  86  11:30  Zergling x2  
  86  11:32  Zergling x2  
  82  11:39  Zergling x2  
  81  11:40  Baneling  
  81  11:41  Baneling x8  
  81  11:42  Zergling x2  
  82  11:51  Zergling x2  
Show
View Real Time Build Order
Export as new Build Order

Mørtebianca Zerg 

Build Orders: Pool First 

Get SALT Encoding   

  12  0:18  Spawning Pool  
  11  0:21  Extractor  
  11  0:24  Drone  
  11  0:30  Drone  
  11  0:35  Drone  
  13  0:46  Overlord  
  13  0:51  Drone  
  14  1:06  Queen  
  16  1:15  Zergling x2  
  16  1:17  Zergling x2  
  18  1:26  Drone  
  18  1:30  Metabolic Boost  
  19  1:38  Zergling x2  
  20  1:40  Zergling x2  
  21  1:50  Drone  
  22  2:10  Hatchery, Drone  
  22  2:40  Overlord  
  22  2:44  Hatchery  
  21  2:45  Overlord  
  20  2:55  Zergling x2  
  21  3:02  Zergling x6  
  21  3:04  Zergling x2  
  25  3:12  Zergling x2  
  26  3:18  Zergling x4  
  28  3:20  Drone  
  28  3:25  Drone  
  29  3:35  Drone x2  
  29  3:38  Drone  
  31  3:44  Drone  
  32  3:49  Zergling x2  
  28  4:01  Zergling x8  
  32  4:05  Drone  
  33  4:17  Baneling Nest  
  33  4:18  Drone x2  
  33  4:20  Drone  
  33  4:23  Zergling x2  
  36  4:26  Drone  
  36  4:30  Drone  
  38  4:32  Drone  
  39  4:40  Drone x2  
  39  4:41  Drone  
  42  4:46  Zergling x2  
  42  4:47  Zergling x2  
  42  4:49  Zergling x2  
  45  4:56  Drone x2  
  45  4:57  Drone  
  48  5:03  Lair  
  48  5:06  Drone, Extractor  
  48  5:10  Baneling x4  
  48  5:28  Overlord x3  
  48  5:35  Queen  
  46  5:37  Queen  
  46  5:39  Zergling x2  
  46  5:40  Zergling x4  
  48  5:49  Drone x3  
  45  5:50  Zergling x4  
  45  5:52  Extractor  
  45  5:53  Zergling x2  
  47  5:58  Drone x2, Zergling x2  
  47  6:03  Baneling  
  50  6:16  Drone  
  50  6:17  Drone  
  50  6:18  Zergling x12  
  58  6:29  Drone x2  
  58  6:30  Drone  
  61  6:40  Evolution Chamber  
  61  6:44  Evolution Chamber  
  54  6:52  Drone x2  
  54  6:53  Drone x2  
  58  6:57  Zergling x4  
  58  6:58  Zergling x8  
  63  7:07  Roach Warren  
  57  7:13  Zerg Ground Armor Level 1, Zerg Missile Weapons Level 1  
  55  7:16  Overlord  
  55  7:17  Overlord  
  55  7:21  Baneling, Drone x3  
  55  7:22  Baneling x3, Drone  
  59  7:25  Zergling x12  
  59  7:26  Zergling x2  
  66  7:32  Extractor  
  66  7:33  Drone x3  
  66  7:34  Drone  
  66  7:36  Drone  
  70  7:49  Roach x6  
  70  7:50  Roach  
  84  7:53  Roach  
  77  8:05  Spore Crawler  
  77  8:07  Hydralisk Den  
  77  8:09  Queen x2  
  77  8:12  Spore Crawler  
  74  8:21  Spore Crawler  
  74  8:24  Spore Crawler  
  74  8:26  Spore Crawler  
  72  8:27  Drone x3  
  72  8:29  Overlord  
  72  8:30  Overlord x2  
  72  8:34  Spore Crawler  
  69  8:42  Hydralisk  
  69  8:43  Hydralisk x2  
  69  8:45  Hydralisk  
  73  8:50  Hydralisk x2  
  73  8:52  Hydralisk  
  79  8:58  Hydralisk x2  
  83  9:04  Muscular Augments  
  83  9:13  Hydralisk x3  
  89  9:18  Drone  
  90  9:28  Zerg Missile Weapons Level 2  
  90  9:29  Zerg Ground Armor Level 2  
  90  9:31  Overlord x2  
  90  9:34  Overseer  
  90  9:38  Overlord x2  
  90  9:49  Hydralisk  
  92  9:54  Hydralisk  
  92  9:57  Overlord  
  94  10:01  Zergling x6  
  94  10:03  Hatchery, Zergling x2  
  94  10:04  Zergling x2  
  98  10:08  Hydralisk  
  98  10:13  Hydralisk  
  98  10:14  Hydralisk  
  104  10:23  Baneling, Hydralisk x4  
  104  10:24  Hydralisk  
  104  10:25  Hydralisk  
  116  10:32  Hydralisk x2  
  116  10:34  Drone x2  
  119  10:53  Hydralisk x2  
  121  11:01  Hydralisk  
  121  11:02  Overlord x2  
  121  11:03  Spore Crawler  
  118  11:06  Spore Crawler  
  118  11:07  Spore Crawler  
  116  11:11  Hydralisk  
  116  11:14  Hatchery  
  117  11:24  Zergling x2  
  117  11:25  Zergling x16  
  126  11:40  Zergling x2  
  126  11:41  Zergling x8  
  126  11:42  Overlord  
  131  11:51  Hydralisk  
  131  11:52  Hydralisk  
Show
View Real Time Build Order
Export as new Build Order

Wickerchimp Zerg 

Build Orders:  

Get SALT Encoding   

Show
View Real Time Build Order
Export as new Build Order

Jhyrachy Zerg 

Build Orders:  

Get SALT Encoding   

Tags
 
Add a new tag
Caveats
  • Supply blocks, unpowered buildings, or Contaminate may cause inaccurate times.
  • Supply counts are checked every 10 seconds.